 Dungeon Crawl Stone Soup version 0.29.1-15-g9cfb28693d (webtiles) character file.

Game seed: 14594792991697965356

86 LustLizard the Firebug (level 4, -4/36 HPs)
             Began as a Hill Orc Fire Elementalist on Mar 27, 2023.
             Shot with an arrow by a centaur (8 damage)
             ... on level 6 of the Dungeon.
             The game lasted 00:05:05 (3584 turns).

LustLizard the Firebug (Hill Orc Fire Elementalist) Turns: 3584, Time: 00:05:06

Health: -4/36      AC:  3    Str: 10    XL:     4   Next: 49%
Magic:  7/7        EV: 12    Int: 17    God:
Gold:   167        SH:  0    Dex: 11    Spells: 4/7 levels left

rFire   . . .      SeeInvis .   u - +2 dagger (drain)
rCold   . . .      Faith    .   (no shield)
rNeg    . . .      Spirit   .   a - +0 robe
rPois   .          Reflect  .   (no helmet)
rElec   .          Harm     .   (no cloak)
rCorr   .          Rampage  .   (no gloves)
Will    .....                   t - +0 pair of boots
Stlth   ++........              (no amulet)
HPRegen 0.12/turn               (no ring)
MPRegen 0.10/turn               (no ring)

@: no status effects
A: no striking features
a: no special abilities


You were on level 6 of the Dungeon.
You visited 1 branch of the dungeon, and saw 4 of its levels.

You collected 167 gold pieces.

Inventory:

Hand Weapons
 j - a +0 whip
 u - a +2 dagger of draining (weapon)
Missiles
 d - 14 poisoned darts
Armour
 a - a +0 robe (worn)
 t - a +0 pair of boots (worn)
Scrolls
 c - 3 scrolls of magic mapping {unknown}
 g - a scroll of amnesia {unknown}
 l - a scroll of torment {unknown}
 m - a scroll of fog {unknown}
 o - a scroll of teleportation {unknown}
 p - a scroll of identify {unknown}
 r - a scroll of enchant weapon {unknown}
Potions
 b - a potion of magic
 e - 3 potions of flight {unknown}
 f - a potion of degeneration {unknown}
 h - 2 potions of curing {unknown}
 i - a potion of brilliance {unknown}
 k - 2 potions of ambrosia {unknown}
 n - a potion of heal wounds {unknown}
 q - 2 potions of lignification {unknown}
 s - a potion of mutation {unknown}


   Skills:
 + Level 1.7 Fighting
 - Level 1.5 Dodging
 - Level 1.5 Stealth
 + Level 2.0 Spellcasting
 * Level 2.4 Conjurations
 * Level 4.2 Fire Magic


You had 4 spell levels left.
You knew the following spells:

 Your Spells              Type           Power      Damage    Failure   Level
a - Foxfire               Conj/Fire      52%        2x1d6     4%          1
b - Scorch                Fire           32%        2d7       5%          2

Your spell library contained the following spells:

 Spells                   Type           Power      Damage    Failure   Level
 Conjure Flame            Conj/Fire      13%        6-21      14%         3
 Inner Flame              Hex/Fire       8%         N/A       24%         3
 Flame Wave               Conj/Fire      13%        2d6       43%         4


Dungeon Overview and Level Annotations

Branches:
Dungeon (3/15)

Altars:
Qazlal

Shops:
D:6 :

Annotations:
D:6 Grinder


Message History

You sense an unholy aura.
u - a +2 dagger of draining (weapon)
Magic restored.
You see here an adder corpse.
A centaur comes into view.
Found 2 gold pieces.
Found a stone staircase leading up.
A kobold, a gnoll bouda and a gnoll come into view.
The gnoll shouts!
The gnoll bouda shouts!
You hear a shout! x2
The gnoll bouda barks out a call to the hunt!
A gnoll comes into view. It is wielding a +0 spear.
The gnoll moves out of view.
You hear a shout!
A gnoll comes into view. It is wielding a +0 halberd.
Found a scroll labelled PAEFOM ERGHILYA.
The gnoll shouts!
A kobold brigand comes into view.
It is wielding a +0 club and quivering poisoned darts.
The gnoll attacks as you move away! The gnoll hits you with a +0 spear.
The gnoll hits you from afar with a +0 spear.
The gnoll hits you but does no damage.
The centaur shouts!
The centaur wields a +0 shortbow.
The centaur shoots an arrow.
The arrow hits you!
Found a short sword and a robe.
The centaur shoots an arrow.
The arrow hits you!
The centaur shoots an arrow.
The arrow hits you.
* * * LOW HITPOINT WARNING * * *
You hear a shout!
A kobold comes into view. It is wielding a +0 dagger.
The kobold shouts!
The centaur shoots an arrow.
The arrow barely misses you.
The kobold throws a stone.
The stone closely misses you.
The gnoll hits you from afar with a +0 spear.
* * * LOW HITPOINT WARNING * * *
Grinder comes into view.
Grinder shouts!
The centaur shoots an arrow.
The arrow hits you.
* * * LOW HITPOINT WARNING * * *
Grinder drinks a potion.
Grinder suddenly seems more resistant.
You hear an angry hiss.
The centaur shoots an arrow.
The arrow hits you!
You die...

.. ## ....##. ..
....#..##.#.
.....[......
5..).....#.# #
.........#.# .##.
#......##.###....
#....@..#.....
#.#..........###.
#......?.g$.......
..#......#.g.#...#
.........#....c..$
..##.....#K#######
. #..K.K#.#######
#.....#gK..†..##
#.....#g......∩#


You could see a kobold brigand, a centaur, 2 gnolls and 2 kobolds.

Vanquished Creatures
  A gnoll (D:6)
  2 adders
  A worm (D:2)
  A dart slug (D:2)
  3 orcs (D:3)
  6 endoplasms
  2 giant cockroaches (D:1)
  4 goblins
  5 hobgoblins
  4 kobolds
  3 quokkas (D:1)
  A ball python (D:2)
  5 bats
  5 frilled lizards
  7 rats
50 creatures vanquished.

Vanquished Creatures (others)
  197 foxfires
  3 fungi (D:6)
200 creatures vanquished.

Grand Total: 250 creatures vanquished

Notes
Turn   | Place    | Note
-------+----------+-------------------------------------------
     0 | D:1      | LustLizard the Hill Orc Fire Elementalist began the quest
                  | for the Orb.
     0 | D:1      | Reached XP level 1. HP: 14/14 MP: 3/3
   299 | D:1      | Reached XP level 2. HP: 22/22 MP: 2/4
   728 | D:1      | Reached skill level 1 in Fighting
  1129 | D:1      | Reached XP level 3. HP: 28/28 MP: 2/5
  1222 | D:1      | Learned a level 2 spell: Scorch
  2471 | D:2      | Found a faded altar of an unknown god.
  2604 | D:3      | Reached skill level 4 in Fire Magic
  3007 | D:3      | Reached XP level 4. HP: 35/35 MP: 4/7
  3141 | D:3      | Found a stormy altar of Qazlal.
  3386 | D:3      | You fall into a shaft and drop 3 floors!
  3386 | D:6      | Found Cofen's Tremendous Tomes.
  3570 | D:6      | Noticed a centaur
  3575 | D:6      | Noticed a kobold brigand
  3583 | D:6      | Noticed Grinder
  3584 | D:6      | Shot with an arrow by a centaur

Illustrated notes

Levels and vault maps discovered:
D:1:      spicycebolla_arrival_clurvy, layout_basic, minmay_hexomino_f4
D:2:      layout_basic, ebering_ecumenical_altar_webs
D:3:      layout_basic, mainiacjoe_overflow_alcove_2
D:6:      layout_rooms, kiku_gazebo_pond_becter, serial_shops,
          kennysheep_mini_moat, nicolae_shop_i_like_big_books,
          minmay_tree_intersection, uniq_grinder, uniq_maggie,
          uniq_crazy_yiuf_cottage

Skill      XL: |  1  2  3 |
---------------+----------+-----
Fighting       | 1 |  1.7
Conjurations   | 2 |  2.4
Fire Magic     | 4 |  4.2
Spellcasting   | 2 |  2.0
Dodging        | |  1.5
Stealth        | |  1.5

Action                   |  1- 3 |  4- 6 || total
-------------------------+-------+-------++-------
Melee: Unarmed           |     3 |       ||     3
       Punch             |     1 |       ||     1
       Whip              |    17 |     2 ||    19
 Cast: Foxfire           |    96 |    25 ||   121
       Scorch            |     3 |     1 ||     4
Armor: Robe              |     4 |     1 ||     5
Dodge: Dodged            |    12 |     9 ||    21
